 Dungeon Crawl Stone Soup version 0.8.0-a0-5488-g5ccae7e character file.

1228058 Gabriellk the Petrodigitator (level 27, 96/96 (97) HPs)
             Began as a Spriggan Earth Elementalist on Mar 1, 2011.
             Was the Champion of Sif Muna.
             Escaped with the Orb
             ... and 3 runes (of 3 types) on Mar 4, 2011!
             The game lasted 14:06:19 (186901 turns).

Gabriellk the Petrodigitator (SpEE)               Turns: 186901, Time: 14:06:19

HP  96/96 (97)   AC  7     Str  8 Exp: 27/1683628 (251)
MP  25/45        EV 33     Int 27 (29) God: Sif Muna [******]
Gold 2422        SH  0     Dex 23      Spells: 17 memorised,  7 levels left

Res.Fire  : + + +   See Invis. : +   F - staff of energy
Res.Cold  : . . .   Warding    : . . L - +2 robe {rF+}
Life Prot.: . . .   Conserve   : .   (shield restricted)
Res.Acid. : . . .   Res.Corr.  : .   d - +3 crown of Dyrovepreva {Hunger rElec Int+
Res.Poison: .       Clarity    : +   l - -1 cloak of the Five Realms {Int+4 Acc+2}
Res.Elec. : +       Spirit.Shd : .   (gloves unavailable)
Sust.Abil.: . .     Stasis     : .   (boots unavailable)
Res.Mut.  : .       Ctrl.Telep.: +   b - amulet "Cothijon" {Clar Str+2 Dex+5}
Res.Rott. : .       Levitation : +   s - cursed ring of protection from fire
Saprovore : . . .   Ctrl.Flight: .   m - ring of protection from fire

@: deflect missiles, regenerating, levitating, very slightly glowing, hasted,
very quick, extraordinarily resistant to hostile enchantments, extremely
stealthy
A: unfitting armour, see invisible, herbivore 3, speed 3, -10% mp, slow
metabolism 3, Str -1, Int -1, Dex -1
a: Channel Energy, Forget Spell, Renounce Religion


You escaped.
You worshipped Sif Muna.
Sif Muna was exalted by your worship.
You were not hungry.

You visited 12 branches of the dungeon, and saw 76 of its levels.
You visited 4 portal chambers: sewer, ice cave, wizlab, trove.

You collected 6903 gold pieces.
You spent 4501 gold pieces at shops.

Inventory:

Armour
 d - the +3 crown of Dyrovepreva (worn) {Hunger rElec Int+2 SInv}
   (You found it in a treasure trove)

   It affects your intelligence (+2).
   It insulates you from electricity.
   It enhances your eyesight.
   It speeds your metabolism.
 l - the -1 cloak of the Five Realms (worn) {Int+4 Acc+2}
   (You bought it in a shop on level 4 of the Orcish Mines)

   It affects your intelligence (+4).
   It affects your accuracy (+2).
 J - a +2 wizard hat of intelligence
 L - a +2 robe of fire resistance (worn)
Magical devices
 t - a wand of hasting (3)
Comestibles
 k - a royal jelly
Scrolls
 n - a scroll of enchant armour
 w - a scroll of blinking
 C - a scroll of fog
 E - a scroll of teleportation
 K - a scroll of amnesia
 M - a scroll of detect curse
 N - a scroll of enchant weapon III
 T - a scroll of identify
Jewellery
 a - the amulet of Ahur {Clar +Blink +Lev Str+4}
   (You found it on level 8 of the Vaults)

   [amulet of clarity]

   It affects your strength (+4).
   It lets you levitate.
   It lets you blink.
 b - the amulet "Cothijon" (around neck) {Clar Str+2 Dex+5}
   (You found it on level 8 of the Vaults)

   [amulet of clarity]

   It affects your strength (+2).
   It affects your dexterity (+5).
 c - an uncursed ring of wizardry
 m - a ring of protection from fire (left hand)
 s - a cursed ring of protection from fire (right hand)
 v - an uncursed ring of poison resistance
 B - an uncursed ring of protection from cold
 D - an uncursed amulet of clarity
 I - the ring of Robustness {AC+8}
   (You found it on level 7 of the Dungeon)

   [ring of protection]

   It affects your AC (+8).
 O - a +3 ring of intelligence
 Q - an uncursed ring of sustenance
 R - the ring "Lasit" {Ice +Blink rPois rN+ Str+3 Int+1}
   (You found it on level 4 of the Realm of Zot)

   [ring of ice]

   It affects your strength (+3).
   It affects your intelligence (+1).
   It protects you from poison.
   It protects you from negative energy.
   It lets you blink.
Potions
 f - 3 potions of restore abilities
 i - 2 potions of magic
 p - 2 potions of brilliance
 q - 2 potions of agility
 u - 2 potions of heal wounds
 x - 4 potions of healing
 H - a potion of resistance
 P - 2 potions of speed
Magical staves
 e - a staff of earth
 y - a staff of power
 F - a staff of energy (weapon)
Orbs of Power
 r - the Orb of Zot
Miscellaneous
 g - a silver rune of Zot
 h - a decaying rune of Zot
 o - a serpentine rune of Zot You had 251 experience left.


   Skills:
 + Level 2 Fighting
 - Level 1 Staves
 + Level 15 Dodging
 - Level 8 Stealth
 - Level 1 Stabbing
 + Level 1 Shields
 + Level 6 Traps & Doors
 - Level 1 Unarmed Combat
 * Level 27 Spellcasting
 + Level 14 Conjurations
 + Level 15 Charms
 + Level 11 Summonings
 + Level 11 Translocations
 - Level 4 Transmutations
 - Level 4 Air Magic
 * Level 27 Earth Magic
 - Level 2 Poison Magic
 + Level 1 Invocations
 - Level 1 Evocations


You had 7 spell levels left.
You knew the following spells:

 Your Spells              Type           Power        Success   Level  Hunger
a - Sandblast             Erth           #######      Perfect     1    None
b - Lee's Rapid Deconstr  Erth           #########.   Perfect     5    None
c - Shatter               Erth           #########.   Great       9    Honeycomb
d - Deflect Missiles      Air/Chrm       #######...   Excellent   6    None
e - Apportation           Tloc           #######...   Perfect     1    None
f - Iron Shot             Erth/Conj      ########..   Excellent   6    None
g - Summon Butterflies    Summ           #######..    Perfect     1    None
h - Controlled Blink      Tloc           N/A          Great       7    None
i - Levitation            Air/Chrm       #######...   Excellent   2    None
j - Alistair's Intoxicat  Pois/Trmt      N/A          Excellent   4    None
k - Blink                 Tloc           N/A          Perfect     2    None
l - Regeneration          Chrm/Necr      #######...   Excellent   3    None
m - Control Teleport      Chrm/Tloc      ########..   Excellent   4    None
n - Haste                 Chrm           ########.    Excellent   6    None
o - Lehudib's Crystal Sp  Erth/Conj      ########..   Excellent   8    Honeycomb
p - Abjuration            Summ           #######...   Excellent   3    None
q - Shadow Creatures      Summ           N/A          Excellent   5    None

Dungeon Overview and Level Annotations

Branches:
Dungeon (27/27)            Temple (1/1) D:6             Orc (4/4) D:6
    Elf (5/5) Orc:4          Lair (8/8) D:11          Swamp (5/5) Lair:4
  Slime (0/6) Lair:8        Snake (5/5) Lair:5         Hive (2/2) D:12
  Vault (8/8) D:17          Blade (1/1) Vault:4       Crypt (5/5) Vault:2
   Tomb (0/3) Crypt:2         Zot (5/5) D:27

Altars:
Ashenzari
Cheibriados
Elyvilon
Fedhas
Kikubaaqudgha
Makhleb
Nemelex Xobeh
Okawaru
Sif Muna
The Shining One
Trog
Vehumet
Xom
Yredelemnul
Zin
Jiyva

Shops:
D:5: [ D:9: * D:10: % D:17: + D:21: +=[ D:26: ( Orc:4: *%*[ Snake:3: *[ Vault:4: * Vault:6: *

Portals:
Hell: D:21 D:22 D:23 D:24 D:25 D:26 D:27
Abyss: D:13 D:21 D:25
Pan: D:22 D:23 D:24

Annotations
D:4 exclusion: door
D:15 exclusions: Aizul and Roxanne
Lair:2 exclusion: oklob plant
Lair:3 exclusion: elephant slug
Lair:7 exclusions: oklob plant and spriggan druid
Swamp:3 exclusion: Nikola
Crypt:5 exclusion: curse skull
Zot:3 1 exclusion


Innate Abilities, Weirdness & Mutations

You are tiny and cannot use many weapons and most armour.
You have supernaturally acute eyesight.
You are a herbivore.
You cover ground extremely quickly.
You need consume almost no food.
You are clumsy (Dex -1).
You are dopey (Int -1).
Your magical capacity is low (-10% MP).
You are weak (Str -1).


Message History

(L) Lair (S) Swamp (M) Slime Pits (P) Snake Pit (H) Hive (V) Vaults (B) Hall of Blades (C) Crypt (W) Tomb (U) Hell (Z) Zot
Where to? (Enter - D:1 @ (x,y), ? - help)
Okay, then.
Are you sure you want to leave the Dungeon?
You have escaped!

#.# #.# #.#.# #%# #.#
#.#.# #.# #.# #.#.#
#.# #.# #.#.# #.# #.#
#.#.# #.# #.# #.#.##
#.########.#####.#...
#.##.................
#.##@...##.###....###
#.##....##.# #%...#
#.##....##.###....###
#.##.................
#.########.###....###
#.# ###.# ###### #.#
#...# #.# #.).#
####.##
#...##########


There were no monsters in sight!

Vanquished Creatures
  4 ancient liches (Zot:5)
  5 orbs of fire (Zot:5)
  Boris (Snake:5)
  3 curse toes
  the Lernaean hydra (Swamp:5)
  Norris (Snake:2)
  3 Killer Klowns
  Margery (D:25)
  2 electric golems (Zot:5)
  Xtahua (Snake:5)
  2 liches
  16 Orb Guardians (Zot:5)
  3 golden dragons
  3 curse skulls
  3 titans
  A quicksilver dragon (Vault:8)
  7 shadow dragons
  2 deep elf blademasters (Elf:5)
  4 sphinxes
  Kirke (Swamp:1)
  Rupert (Swamp:2)
  Agnes (D:15)
  15 storm dragons
  3 draconian knights
  5 draconian monks
  Donald (Snake:2)
  Terpsichore (Vault:3)
  7 bone dragons
  4 frost giants
  An iron dragon (Vault:8)
  2 draconian scorchers
  Wiglaf (Vault:4)
  Louise (Swamp:2)
  4 draconian zealots
  52 stone giants
  An Executioner (Zot:5)
  15 tentacled monstrosities
  An orc warlord (Vault:7)
  3 draconian annihilators
  2 azure jellies
  2 draconian shifters (Zot:5)
  7 fire giants
  9 grey draconians
  4 green draconians
  7 deep elf death magi (Elf:5)
  Jozef (Elf:3)
  4 deep elf sorcerers (Elf:5)
  10 deep elf annihilators (Elf:5)
  6 mottled draconians
  5 black draconians
  6 greater nagas (Snake:5)
  A yellow draconian (Zot:4)
  Azrael (Snake:1)
  4 pale draconians
  4 purple draconians
  4 white draconians
  5 red draconians
  2 deep elf master archers (Elf:5)
  10 ettins
  Snorg (Snake:3)
  9 dragons
  A titan skeleton (Crypt:5)
  46 yaktaur captains
  5 death oozes (D:25)
  Josephine (Elf:4)
  A draconian (shapeshifter) (D:17)
  Erica (D:15)
  24 vault guards
  24 hydras
  A great orb of eyes (D:22)
  4 alligators
  An alligator (shapeshifter) (Vault:8)
  13 death cobs
  7 ice dragons
  An anaconda (Snake:5)
  11 deep elf demonologists
  A shadow dragon zombie (D:22)
  18 deep trolls
  4 deep elf high priests
  A shadow dragon skeleton (Crypt:3)
  2 fire giant zombies
  9 ogre magi
  2 sphinx zombies
  A golden dragon skeleton (Elf:4)
  3 stone giant zombies
  3 ghost moths
  2 frost giant zombies
  A sphinx skeleton (D:21)
  Nergalle (Orc:4)
  A ghost moth (shapeshifter) (Vault:8)
  8 death yaks
  6 very ugly things
  17 centaur warriors
  An iron dragon skeleton (Crypt:2)
  4 griffons
  2 shadow wraiths
  4 orc high priests
  13 stone giant skeletons
  24 deep elf knights
  2 frost giant skeletons
  An alligator snapping turtle zombie (Crypt:1)
  3 fire giant skeletons
  Erolcha (Orc:2)
  69 skeletal warriors
  5 hell knights (D:25)
  A soul eater (Crypt:5)
  6 iron trolls
  15 swamp dragons
  A sea snake (shapeshifter) (Vault:8)
  A storm dragon zombie (Crypt:1)
  18 naga warriors
  4 unseen horrors
  12 flayed ghosts
  A human (shapeshifter) (D:22)
  A swamp dragon (shapeshifter) (D:26)
  3 storm dragon skeletons
  A black draconian zombie (Crypt:2)
  4 ice statues
  A dire elephant skeleton (Crypt:2)
  A harpy (shapeshifter) (D:16)
  6 necromancers
  A hill giant (shapeshifter) (D:27)
  2 guardian serpents (Snake:5)
  A white draconian skeleton (Crypt:2)
  23 orc knights
  The ghost of polystyrus the Cudgeler, an experienced OgBe of Trog (D:5)
  4 red wasps
  A purple draconian skeleton (Crypt:4)
  A hydra zombie (D:14)
  A grey draconian skeleton (Crypt:5)
  A lindwurm (Lair:7)
  10 hill giants
  4 orc sorcerers
  3 wizards
  3 vampire magi
  11 harpies
  2 siren zombies (Crypt:3)
  3 iron troll skeletons
  11 cyclopes
  A shining eye (shapeshifter) (D:20)
  4 giant amoebae
  4 statues (Vault:4)
  36 dancing weapons
  A siren skeleton (Crypt:3)
  28 moths of wrath
  A guardian serpent (shapeshifter) (Vault:8)
  An ettin zombie (Vault:5)
  2 door mimics
  A harpy skeleton (Vault:4)
  A wolf spider (D:12)
  3 portal mimics
  An alligator zombie (Crypt:3)
  A griffon zombie (D:12)
  A moth of wrath (shapeshifter) (Vault:8)
  A stair mimic (D:20)
  2 guardian serpent zombies (Crypt:3)
  2 red wasp zombies
  A trapdoor spider (D:13)
  2 ice dragon zombies
  22 spiny frogs
  6 mimics
  31 elephants
  11 spiny worms
  2 fire crabs
  2 elephant slugs
  A stone giant simulacrum (D:24)
  A dragon skeleton (Crypt:5)
  An orange demon (Zot:2)
  A giant firefly zombie (Crypt:4)
  29 black mambas
  6 ettin skeletons
  2 griffon skeletons
  A queen ant (shapeshifter) (D:20)
  96 slime creatures
  A hellwing (Zot:4)
  A tormentor (D:20)
  4 spiny worm zombies
  A hill giant zombie (D:12)
  20 rock trolls
  26 naga magi
  145 ugly things
  A giant toad skeleton (D:14)
  77 yaktaurs
  2 spriggan skeletons (Crypt:3)
  2 hill giant skeletons
  A raven zombie (Crypt:4)
  16 guardian mummies
  14 trolls
  Sonja (Orc:3)
  A manticore (shapeshifter) (Vault:8)
  2 silent spectres
  7 wandering mushrooms (Zot:2)
  11 komodo dragons
  A troll (shapeshifter) (D:20)
  22 blink frogs
  A two-headed ogre (shapeshifter) (Vault:6)
  4 rock troll zombies
  An agate snail zombie (Crypt:5)
  A deep troll skeleton (Vault:5)
  A spriggan (shapeshifter) (Vault:1)
  2 queen bees
  3 bog mummies
  27 giant toads
  A grizzly bear (shapeshifter) (Vault:7)
  2 rotting hulks
  3 redbacks
  16 two-headed ogres
  3 brown oozes (D:25)
  A swamp dragon zombie (Crypt:1)
  A hairy devil (D:20)
  A redback zombie (D:21)
  A snapping turtle skeleton (Crypt:5)
  A blink frog zombie (D:21)
  A ynoxinul (Zot:4)
  16 deep elf conjurers
  5 wyverns
  Edmund (D:9)
  5 wraiths
  3 vampires
  2 bumblebees (D:24)
  A blink frog skeleton (D:24)
  2 elephant skeletons
  2 sharks (Lair:8)
  2 fire drakes
  48 yaks
  3 water elementals (Zot:3)
  39 vampire mosquitoes
  12 deep elf summoners
  A swamp dragon skeleton (Crypt:3)
  3 hogs (Swamp:2)
  3 hungry ghosts
  A clay golem (D:16)
  A neqoxec (Zot:2)
  6 manticores
  A fire drake (shapeshifter) (Vault:8)
  2 fire crab zombies
  9 hippogriffs
  2 merfolk (shapeshifter) (Vault:8)
  3 fire elementals
  19 deep elf fighters
  6 vipers
  5 rock worms
  A yaktaur zombie (Vault:3)
  14 war dogs
  A giant slug zombie (Vault:3)
  An agate snail (shapeshifter) (Elf:5)
  30 necrophages
  A manticore zombie (Crypt:3)
  A mermaid skeleton (Crypt:2)
  A yaktaur skeleton (Vault:2)
  8 mottled dragons
  2 cyclops zombies
  7 deep elf priests
  26 swamp worms
  4 hell hounds
  5 ghouls (Crypt:3)
  A small abomination (Snake:2)
  11 freezing wraiths
  9 insubstantial wisps
  A komodo dragon skeleton (Crypt:4)
  4 sky beasts
  49 ogres
  17 swamp drakes
  7 phantoms
  4 bumblebee zombies
  A queen bee zombie (Vault:3)
  A yellow wasp (D:14)
  14 ice beasts
  32 centaurs
  57 orc warriors
  2 red devils
  16 gila monsters
  11 crocodiles
  2 giant goldfish
  A gila monster (shapeshifter) (Vault:8)
  70 nagas
  2 fire crab simulacra (Vault:3)
  3 boulder beetle zombies
  10 wargs
  26 deep elf magi
  39 giant frogs
  A tarantella zombie (Crypt:2)
  6 big kobolds
  13 giant slugs
  2 wolves
  8 giant leeches
  2 boring beetle zombies
  A brain worm (D:16)
  31 water moccasins
  2 wolf zombies
  A rotting devil (Vault:8)
  A giant frog zombie (D:15)
  2 two-headed ogre zombies
  4 soldier ant zombies
  A giant leech (shapeshifter) (Vault:2)
  Blork the orc (D:8)
  6 agate snails
  A water moccasin skeleton (Crypt:2)
  4 elf skeletons
  A rock worm simulacrum (Crypt:4)
  94 killer bees
  A black bear skeleton (Crypt:3)
  A warg skeleton (Crypt:5)
  3 eyes of draining
  5 elves (shapeshifter)
  A killer bee zombie (D:12)
  10 jellyfish
  23 wights
  3 goliath beetles
  2 big kobold zombies
  10 boulder beetles
  14 electric eels
  A brain worm zombie (Crypt:5)
  7 imps
  8 spiders (Snake:2)
  A demigod skeleton (Crypt:2)
  A demonspawn zombie (Crypt:4)
  2 big kobold skeletons
  A spider zombie (Crypt:3)
  A dwarf skeleton (Crypt:4)
  2 quasits
  A two-headed ogre simulacrum (Crypt:2)
  43 orc priests
  8 shadows
  10 big fish
  A deep dwarf skeleton (Crypt:3)
  14 hounds
  20 deep elf soldiers
  11 iguanas
  A hound skeleton (D:4)
  2 scorpions
  42 sheep
  An orange rat (Crypt:5)
  37 orc wizards
  16 porcupines
  An orange rat (shapeshifter) (Vault:8)
  5 worker ants
  A steam dragon zombie (Crypt:5)
  An orange rat skeleton (Crypt:1)
  A swamp drake zombie (Crypt:1)
  3 boggarts (Vault:4)
  A draconian skeleton (Crypt:1)
  A swamp drake skeleton (Crypt:5)
  16 jellies
  9 flying skulls
  6 mummies
  6 gnolls
  84 green rats
  5 giant centipedes
  58 snakes
  A human skeleton (Crypt:4)
  3 giant mites
  3 scorpion zombies
  2 snake skeletons
  2 snake zombies
  A porcupine skeleton (Crypt:1)
  6 worms
  5 ufetubi
  9 grey rats
  2 gnoll zombies
  A giant eyeball (D:9)
  10 giant geckos
  A giant mite zombie (Crypt:5)
  3 oozes
  23 hobgoblins
  23 jackals
  286 orcs
  9 quokkas
  9 giant cockroaches
  A giant gecko skeleton (Crypt:2)
  12 giant newts
  A giant newt skeleton (Crypt:1)
  3 giant spores
  30 goblins
  A hobgoblin skeleton (D:6)
  A hobgoblin zombie (D:13)
  57 killer bee larvae
  65 kobolds
  A kobold skeleton (Crypt:5)
  30 megabats
  4 orc skeletons
  6 orc zombies
  44 rats
  A rat zombie (D:5)
  5 small snakes
  9 ballistomycetes
  34 butterflies (Vault:7)
  2 fungi
  3 plants (Lair:1)
  172 toadstools
3789 creatures vanquished.

Vanquished Creatures (collateral kills)
  A curse toe (Zot:5)
  A wandering mushroom (Zot:5)
  A freezing wraith (Zot:5)
  A wight (Zot:5)
  2 orc priests
  A deep elf soldier (D:19)
  An orc (D:22)
  A toadstool (D:19)
9 creatures vanquished.

Vanquished Creatures (others)
  2 tentacled monstrosities (Zot:3)
  A draconian shifter (Zot:3)
  A mottled draconian (Zot:3)
  A yellow draconian (Zot:3)
  A titan skeleton (Crypt:5)
  A centaur warrior (Vault:5)
  3 moths of wrath (Zot:5)
  25 slime creatures
  An alligator skeleton (Crypt:5)
  5 ugly things
  5 guardian mummies (Crypt:5)
  A spiny frog skeleton (Crypt:5)
  A blink frog (shapeshifter) (D:27)
  A blink frog (Lair:8)
  A blink frog zombie (Crypt:1)
  A shark (Zot:3)
  A war dog (Lair:8)
  A mermaid zombie (Crypt:5)
  An orc warrior (Vault:5)
  A centaur (Vault:5)
  A giant goldfish (Zot:3)
  2 water moccasins
  A giant frog (Lair:8)
  A jellyfish (Zot:3)
  An ogre zombie (Crypt:2)
  A dwarf skeleton (Crypt:2)
  A small abomination (D:20)
  An orc priest (D:20)
  An orc wizard (D:25)
  A jelly (D:25)
  4 mummies (Crypt:5)
  2 snakes
  3 green rats
  An iguana skeleton (Crypt:1)
  An orc (D:20)
  A giant spore (D:15)
  2 killer bee larvae (Hive:2)
  2 rats
  A bush (D:11)
  29 butterflies
  15 fungi
  35 plants
  824 toadstools
986 creatures vanquished.

Grand Total: 4784 creatures vanquished

Notes
Turn   | Place    | Note
--------------------------------------------------------------
     0 | D:1      | Gabriellk, the Spriggan Earth Elementalist, began the quest for the Orb.
     0 | D:1      | Reached XP level 1. HP: 8/8 MP: 4/4
   397 | D:1      | Reached XP level 2. HP: 11/11 MP: 5/7
  1402 | D:1      | Reached XP level 3. HP: 16/16 MP: 6/9
  1592 | D:2      | Found a bloodstained altar of Trog.
  2109 | D:2      | Reached skill level 4 in Earth Magic
  2756 | D:3      | Reached XP level 4. HP: 19/19 MP: 9/13
  2993 | D:3      | Reached skill level 5 in Earth Magic
  3812 | D:4      | Reached XP level 5. HP: 23/23 MP: 10/15
  3960 | D:4      | Reached skill level 1 in Traps & Doors
  4074 | D:4      | Noticed Eustachio
  4329 | D:5      | Entered Level 5 of the Dungeon
  4388 | D:5      | Noticed polystyrus' ghost (experienced OgBe)
  4468 | D:5      | Defeated polystyrus' ghost
  4468 | D:5      | Reached XP level 6. HP: 27/27 MP: 7/18
  4468 | D:5      | Reached XP level 7. HP: 31/31 MP: 8/19
  4547 | D:4      | Reached skill level 6 in Earth Magic
  4594 | D:5      | Found Caethrasy's Antique Armour Shoppe.
  4610 | D:5      | Bought a cloak for 29 gold pieces
  4751 | D:5      | Found a shimmering altar of Xom.
  4841 | D:5      | Reached skill level 7 in Earth Magic
  4849 | D:5      | Found a glowing drain. 4855
                  | sewer
                  | Entered the sewers 4929
                  | sewer
                  | Learned a level 5 spell: Lee's Rapid Deconstruction 5134
                  | sewer
                  | Found a glowing silver altar of Zin.
  5208 | D:5      | Reached skill level 8 in Earth Magic
  5225 | D:5      | Reached skill level 5 in Spellcasting
  5484 | D:5      | Reached skill level 5 in Stealth
  5703 | D:6      | Reached XP level 8. HP: 29/34 MP: 21/23
  5774 | D:6      | Reached skill level 9 in Earth Magic
  5832 | D:6      | Found a staircase to the Ecumenical Temple.
  5861 | Temple   | Entered the Ecumenical Temple
  5997 | Temple   | Became a worshipper of Sif Muna the Loreminder
  6073 | D:6      | Reached skill level 5 in Dodging
  6512 | D:6      | Acquired Sif Muna's first power
  6519 | D:6      | Reached skill level 10 in Earth Magic
  6768 | D:6      | Found a staircase to the Orcish Mines.
  6939 | D:6      | Found a sparkling altar of Nemelex Xobeh.
  7782 | D:7      | Reached XP level 9. HP: 37/39 MP: 22/25
  7895 | D:7      | Acquired Sif Muna's second power
  7899 | D:7      | Reached skill level 11 in Earth Magic
  8209 | D:7      | Got a steel ring
  8210 | D:7      | Identified the ring of Robustness (You found it on level 7 of the Dungeon)
  8868 | D:8      | Reached skill level 12 in Earth Magic
  9046 | D:8      | Noticed Blork the orc
  9051 | D:8      | Defeated Blork the orc
  9846 | D:9      | Found Ahathrat's General Store.
  9891 | D:9      | Noticed Edmund
  9907 | D:9      | Defeated Edmund
 10040 | D:9      | Reached XP level 10. HP: 42/42 MP: 24/27
 10375 | D:9      | Learned a level 3 spell: Stone Arrow
 10492 | D:9      | Paralysed by a giant eyeball for 2 turns
 10635 | D:10     | Entered Level 10 of the Dungeon
 11018 | D:10     | Learned a level 4 spell: Petrify
 11272 | D:10     | Reached skill level 1 in Evocations
 11324 | D:10     | Found Psovuax's Food Shop.
 11417 | D:10     | Bought a bread ration for 44 gold pieces
 11647 | D:10     | Reached skill level 13 in Earth Magic
 12216 | D:11     | Acquired Sif Muna's third power
 12478 | D:11     | Reached skill level 1 in Conjurations
 12735 | D:11     | Reached XP level 11. HP: 46/46 MP: 2/29
 13644 | D:11     | Found a staircase to the Lair.
 13770 | D:11     | Noticed an agate snail
 13813 | Lair:1   | Entered Level 1 of the Lair of Beasts
 13986 | Lair:1   | Reached skill level 14 in Earth Magic
 16313 | Lair:1   | Reached skill level 1 in Unarmed Combat
 16446 | Lair:1   | You fall through a shaft!
 17070 | Lair:1   | Reached skill level 1 in Fighting
 17611 | Lair:2   | Received a gift from Sif Muna
 17614 | Lair:2   | Got an antique book {god gift}
 17615 | Lair:2   | Identified Cigotuvi's Grimoire of Shape Shifting {god gift} (Sif Muna gifted it to you on level 2 of the Lair of Beasts)
 17904 | Lair:2   | Reached skill level 10 in Spellcasting
 18462 | Lair:3   | Reached XP level 12. HP: 52/52 MP: 14/32
 19964 | Lair:2   | You fall through a shaft!
 20732 | Lair:4   | Found a staircase to the Swamp.
 21408 | Lair:5   | Received a gift from Sif Muna
 21411 | Lair:5   | Got a glistering book {god gift}
 21413 | Lair:5   | Identified Sif Muna's Guide on Shifting Flames {god gift} (Sif Muna gifted it to you on level 5 of the Lair of Beasts)
 21538 | Lair:5   | Reached skill level 5 in Conjurations
 21659 | Lair:5   | Paralysed by you for 6 turns
 22139 | Lair:5   | Reached skill level 15 in Earth Magic
 22535 | Lair:5   | Found a staircase to the Snake Pit.
 24477 | Lair:6   | Reached XP level 13. HP: 54/54 MP: 8/33
 26862 | Lair:7   | Received a gift from Sif Muna
 27012 | Lair:7   | Learned a level 1 spell: Apportation
 27019 | Lair:7   | Reached skill level 1 in Translocations
 27426 | Lair:8   | Entered Level 8 of the Lair of Beasts
 27426 | Lair:8   | Found a staircase to the Slime Pits.
 27426 | Lair:8   | Found a viscous altar of Jiyva.
 28271 | Lair:7   | Reached skill level 16 in Earth Magic
 29600 | Lair:7   | Reached XP level 14. HP: 56/56 MP: 16/36
 30676 | Lair:8   | Received a gift from Sif Muna
 30677 | Lair:8   | Got a levitating book {god gift}
 30678 | Lair:8   | Identified Nergalle's Compendium of Combat Magic {god gift} (Sif Muna gifted it to you on level 8 of the Lair of Beasts)
 31431 | Lair:8   | Learned a level 6 spell: Iron Shot
 33787 | D:11     | Defeated an agate snail
 33996 | Orc:1    | Entered Level 1 of the Orcish Mines
 34571 | Lair:2   | Learned a level 4 spell: Dig
 35027 | Orc:1    | Found a shimmering altar of Xom.
 36575 | Orc:4    | Entered Level 4 of the Orcish Mines
 36575 | Orc:4    | Found a staircase to the Elven Halls.
 36576 | Orc:4    | Noticed Sonja
 36580 | Orc:3    | Defeated Sonja
 37210 | Orc:4    | Noticed a stone giant
 37228 | Orc:4    | Defeated a stone giant
 37398 | Orc:4    | Reached skill level 17 in Earth Magic
 37558 | Orc:4    | Noticed Nergalle
 37738 | Orc:4    | Noticed a rock troll
 37896 | Orc:4    | Defeated Nergalle
 38222 | Orc:4    | Defeated a rock troll
 38496 | Orc:4    | Noticed an orc high priest
 38532 | Orc:4    | Noticed an orc warlord
 39135 | D:12     | Received a gift from Sif Muna
 39138 | D:12     | Got a droning book {god gift}
 39139 | D:12     | Identified Sif Muna's Reference Book on Orientation {god gift} (Sif Muna gifted it to you on level 12 of the Dungeon)
 39218 | D:12     | Found an iron altar of Okawaru.
 39339 | D:12     | Noticed a queen bee
 39464 | D:12     | Found a staircase to the Hive.
 39706 | D:12     | Defeated a queen bee
 40899 | D:12     | Reached XP level 15. HP: 49/60 MP: 37/37
 41660 | D:13     | Found a blossoming altar of Fedhas.
 42102 | D:13     | Identified a scroll of acquirement
 42434 | D:13     | Found a shimmering altar of Xom.
 43011 | D:13     | Found a one-way gate to the infinite horrors of the Abyss.
 43266 | Hive:1   | Entered Level 1 of the Hive
 43407 | Hive:2   | Entered Level 2 of the Hive
 45857 | Hive:1   | Received a gift from Sif Muna
 45861 | Hive:1   | Got a colourful book {god gift}
 45862 | Hive:1   | Identified Sif Muna's Collected Works on Combat Magic {god gift} (Sif Muna gifted it to you on level 1 of the Hive)
 46514 | Swamp:1  | Entered Level 1 of the Swamp
 48884 | Swamp:2  | Noticed Rupert
 48942 | Swamp:2  | Defeated Rupert
 49060 | Swamp:2  | Noticed Kirke
 49708 | Swamp:1  | Defeated Kirke
 50005 | Swamp:2  | Reached skill level 18 in Earth Magic
 50113 | Swamp:2  | Noticed Louise
 50454 | Swamp:2  | Defeated Louise
 50454 | Swamp:2  | Reached XP level 16. HP: 45/62 MP: 18/38
 51177 | Swamp:3  | Noticed Nikola
 51875 | D:14     | Received a gift from Sif Muna
 51876 | D:14     | Got a graven book {god gift}
 51877 | D:14     | Identified Sif Muna's Disquisition on Scorching Arcane Weapons {god gift} (Sif Muna gifted it to you on level 14 of the Dungeon)
 52685 | D:15     | Entered Level 15 of the Dungeon
 53077 | D:15     | Noticed Erica
 53100 | D:15     | Defeated Erica
 53428 | D:15     | Noticed Aizul
 53467 | D:15     | Noticed Agnes
 55034 | D:16     | Found a frozen archway.
 55053 | IceCv    | Entered an ice cave
 58966 | D:18     | Learned a level 2 spell: Repel Missiles
 58969 | D:18     | Learned a level 2 spell: Levitation
 58973 | D:18     | Learned a level 3 spell: Mephitic Cloud
 60060 | D:19     | Reached XP level 17. HP: 65/65 MP: 36/38
 60183 | D:19     | Received a gift from Sif Muna
 60188 | D:19     | Got a conspicuous book {god gift}
 60191 | D:19     | Identified Chiah's Tome of Confrontation {god gift} (Sif Muna gifted it to you on level 19 of the Dungeon)
 60335 | D:19     | Noticed a deep elf mage
 60350 | D:19     | Defeated a deep elf mage
 61379 | D:19     | Reached skill level 1 in Charms
 61543 | D:19     | Reached skill level 15 in Spellcasting
 62117 | D:19     | Reached skill level 1 in Air Magic
 62236 | D:20     | Entered Level 20 of the Dungeon
 62327 | D:20     | Reached skill level 19 in Earth Magic
 63342 | D:20     | You fall through a shaft!
 63967 | D:22     | Found a one-way gate leading to the halls of Pandemonium.
 65372 | D:22     | Found a gateway to Hell.
 65847 | D:22     | Received a gift from Sif Muna
 65848 | D:22     | Got a levitating book {god gift}
 65849 | D:22     | Identified Sif Muna's Incunabulum of Fiery Conjuration {god gift} (Sif Muna gifted it to you on level 22 of the Dungeon)
 67445 | D:21     | Found Kuesm's Book Shoppe.
 69471 | D:21     | Found Byney's Jewellery Shop.
 69489 | D:21     | Reached XP level 18. HP: 69/69 MP: 23/40
 70240 | D:21     | Bought a +4 ring of intelligence for 770 gold pieces
 70491 | D:20     | Noticed a shining eye
 70494 | D:20     | Defeated a shining eye
 71141 | D:21     | Bought a book of Minor Magic for 340 gold pieces
 71146 | D:21     | Learned a level 2 spell: Blink
 71148 | D:21     | Bought a book of War Chants for 680 gold pieces
 71618 | Lair:2   | Learned a level 3 spell: Regeneration
 71623 | Lair:2   | Learned a level 4 spell: Control Teleport
 72126 | Orc:3    | Noticed Erolcha
 72379 | Orc:2    | Defeated Erolcha
 73238 | Orc:4    | Defeated an orc high priest
 73369 | Orc:4    | Noticed an orc high priest
 73378 | Orc:4    | Defeated an orc high priest
 73568 | Orc:4    | Noticed an orc high priest
 73587 | Orc:4    | Defeated an orc high priest
 73696 | Orc:4    | Found Cewin's Food Boutique.
 73696 | Orc:4    | Found Yweol's Antique Armour Shop.
 73696 | Orc:4    | Found Ifuhu's General Store.
 73840 | Orc:4    | Found Ynnag's General Store.
 73882 | Orc:4    | Bought 2 apples for 22 gold pieces
 73882 | Orc:4    | Bought the -1 cloak of the Five Realms {Int+4 Acc+2} for 411 gold pieces
 74340 | D:17     | Found Sioh's Book Shop.
 74512 | D:17     | Found a staircase to the Vaults.
 74542 | Vault:1  | Entered Level 1 of the Vaults
 75205 | Vault:1  | Reached skill level 5 in Charms
 75397 | Vault:1  | Received a gift from Sif Muna
 75951 | Vault:1  | Reached skill level 20 in Earth Magic
 77413 | Vault:2  | Found a staircase to the Crypt.
 79024 | Snake:1  | Entered Level 1 of the Snake Pit
 79570 | Snake:2  | Noticed Azrael
 80648 | Snake:1  | Defeated Azrael
 80964 | Snake:2  | Noticed Saint Roka
 81003 | Snake:2  | Noticed Donald
 81018 | Snake:2  | Defeated Donald
 81411 | Snake:2  | Noticed Norris
 81429 | Snake:2  | Defeated Norris
 81429 | Snake:2  | Reached XP level 19. HP: 72/72 MP: 7/40
 81627 | Snake:2  | Reached skill level 10 in Dodging
 82038 | Snake:2  | Found a bloodstained altar of Trog.
 83443 | Snake:3  | Found Huip Ara's Assorted Antiques.
 84270 | Snake:3  | Noticed Snorg
 84277 | Snake:3  | Defeated Snorg
 84650 | Snake:3  | Found Smuacvua's Antique Armour Boutique.
 84829 | Snake:4  | Noticed Frederick
 84838 | Snake:4  | HP: 3/72 [Frederick/bolt of cold (69)]
 85722 | Snake:5  | Entered Level 5 of the Snake Pit
 85930 | Snake:5  | Noticed Boris
 85944 | Snake:5  | Learned a level 6 spell: Haste
 85975 | Snake:5  | Defeated Boris
 86213 | Snake:5  | Reached skill level 1 in Stabbing
 86465 | Snake:5  | Received a gift from Sif Muna
 86466 | Snake:5  | Got a torn book {god gift}
 86467 | Snake:5  | Identified Sif Muna's Guide on the Birds {god gift} (Sif Muna gifted it to you on level 5 of the Snake Pit)
 88545 | Snake:5  | Noticed Xtahua
 88702 | Snake:5  | Defeated Xtahua
 89241 | Snake:5  | Reached skill level 21 in Earth Magic
 89800 | Snake:5  | Got a serpentine rune of Zot
 91957 | Swamp:1  | Learned a level 4 spell: Insulation
 92785 | Swamp:4  | Reached XP level 20. HP: 76/76 MP: 31/42
 93954 | Swamp:5  | Entered Level 5 of the Swamp
 96592 | Swamp:5  | Received a gift from Sif Muna
 96594 | Swamp:5  | Got a torn book {god gift}
 96595 | Swamp:5  | Identified Sif Muna's Disquisition on Attacks {god gift} (Sif Muna gifted it to you on level 5 of the Swamp)
 97734 | Swamp:5  | Noticed the 27-headed Lernaean hydra
 98177 | Swamp:5  | Defeated the 27-headed Lernaean hydra
 98508 | Swamp:5  | Got a decaying rune of Zot
100517 | Vault:3  | Noticed a dwarven morningstar
100558 | Vault:3  | Noticed an elven long sword
100558 | Vault:3  | Defeated a dwarven morningstar
100559 | Vault:3  | Noticed Terpsichore
100587 | Vault:3  | Noticed an ancient double sword
100594 | Vault:3  | Defeated Terpsichore
100742 | Vault:3  | Reached skill level 22 in Earth Magic
101013 | Vault:3  | Noticed an orcish battleaxe
101096 | Vault:3  | Defeated an orcish battleaxe
101151 | Vault:3  | Defeated an elven long sword
101867 | Vault:4  | Found Fujops' Assorted Antiques.
102844 | Vault:4  | Noticed Wiglaf
102877 | Vault:4  | Defeated Wiglaf
103065 | Vault:4  | Found a staircase to the Hall of Blades.
103078 | Vault:4  | Reached XP level 21. HP: 80/80 MP: 40/43
103691 | Vault:4  | Received a gift from Sif Muna
106740 | Vault:5  | Reached skill level 23 in Earth Magic
109025 | Vault:6  | Received a gift from Sif Muna
109026 | Vault:6  | Got a glistering book {god gift}
109027 | Vault:6  | Identified Sif Muna's Reference Book on Aerial Boosts {god gift} (Sif Muna gifted it to you on level 6 of the Vaults)
109169 | Vault:6  | Found Biwy's General Store.
109559 | Vault:6  | Noticed a naga warrior
109565 | Vault:6  | Defeated a naga warrior
110193 | Vault:6  | Gained mutation: You are agile (Dex +1).
111105 | Vault:7  | Reached XP level 22. HP: 81/81 MP: 43/43
111322 | Vault:7  | Found a magical portal.
111325 | WizLab   | Entered Doroklohe's Tomb
113148 | D:21     | Found Feunifra's Armour Shop.
113745 | D:23     | Reached skill level 24 in Earth Magic
114717 | D:23     | Found a portal to a secret trove of treasure.
114978 | D:17     | Bought a book of Transfigurations for 1155 gold pieces
114978 | D:17     | Bought a book of Party Tricks for 1050 gold pieces
114981 | D:17     | Learned a level 1 spell: Summon Butterflies
114986 | D:17     | Learned a level 4 spell: Alistair's Intoxication 115250
                  | trove
                  | Entered a treasure trove 115259
                  | trove
                  | Got a pitted robe 115266
                  | trove
                  | Identified the cursed +2 robe of Foacige (You found it in a treasure trove) 115268
                  | trove
                  | Got a smoking robe 115277
                  | trove
                  | Identified the +1 robe of Vlad (You found it in a treasure trove) 115280
                  | trove
                  | Got a smoking buckler 115287
                  | trove
                  | Identified the +2 buckler of Decompression (You found it in a treasure trove) 115296
                  | trove
                  | Got a bloodstained buckler 115301
                  | trove
                  | Identified the +3 buckler "Ublil" (You found it in a treasure trove) 115320
                  | trove
                  | Got a jewelled bronze crown 115324
                  | trove
                  | Identified the +3 crown of Dyrovepreva (You found it in a treasure trove) 115328
                  | trove
                  | Got a fine robe 115335
                  | trove
                  | Identified the cursed -4 robe of Autumn (You found it in a treasure trove)
115514 | D:23     | Got a colourful book
115515 | D:23     | Identified the Grimoire of Summoning (You found it on level 23 of the Dungeon)
118113 | D:24     | Gained mutation: You are agile (Dex +2).
118309 | D:24     | Received a gift from Sif Muna
118454 | D:24     | Defeated a deep elf priest
118455 | D:24     | Noticed a deep elf priest
118457 | D:24     | Noticed a deep elf conjurer
118457 | D:24     | Defeated a deep elf priest
118458 | D:24     | Defeated a deep elf conjurer
118936 | D:25     | Entered Level 25 of the Dungeon
119432 | D:25     | Reached skill level 1 in Poison Magic
119622 | D:25     | Noticed Margery
119627 | D:25     | Defeated Margery
120773 | D:25     | Found a viscous altar of Jiyva.
121601 | D:25     | Reached XP level 23. HP: 88/88 MP: 19/45
121904 | D:26     | Reached skill level 25 in Earth Magic
123234 | D:26     | Received a gift from Sif Muna
123238 | D:26     | Got a sparkling book {god gift}
123239 | D:26     | Identified Bounnat's Book of Translocation {god gift} (Sif Muna gifted it to you on level 26 of the Dungeon)
123999 | D:26     | Found Khupla's Antique Weapon Boutique.
124308 | D:27     | Entered Level 27 of the Dungeon
127079 | D:27     | Noticed a deep elf high priest
127079 | D:27     | Defeated a deep elf high priest
127771 | D:26     | Reached skill level 26 in Earth Magic
128313 | Crypt:1  | Entered Level 1 of the Crypt
129104 | Crypt:2  | Received a gift from Sif Muna
129105 | Crypt:2  | Got a sparkling book {god gift}
129106 | Crypt:2  | Identified Itadog's Guide on Darkness and Attacks {god gift} (Sif Muna gifted it to you on level 2 of the Crypt)
130022 | Crypt:2  | Reached XP level 24. HP: 83/90 MP: 41/45
133469 | Crypt:2  | Found a staircase to the Tomb.
134414 | Crypt:1  | Received a gift from Sif Muna
134418 | Crypt:1  | Reached skill level 27 in Earth Magic
136053 | Crypt:5  | Entered Level 5 of the Crypt
138856 | Crypt:5  | Learned a level 9 spell: Shatter
139755 | D:15     | Found a glowing golden altar of the Shining One.
140228 | D:15     | Noticed Roxanne
140410 | D:15     | Defeated Agnes
141803 | Orc:1    | Learned a level 5 spell: Poisonous Cloud
141820 | Elf:1    | Entered Level 1 of the Elven Halls
142414 | Elf:1    | Got a pitted cloak
142418 | Elf:1    | Identified the +3 cloak of Fun and Games (You found it on level 1 of the Elven Halls)
143216 | Elf:1    | Reached XP level 25. HP: 93/93 MP: 46/46
143225 | Elf:1    | Received a gift from Sif Muna
144066 | Elf:2    | Noticed an orc priest
144075 | Elf:2    | Defeated an orc priest
144297 | Elf:3    | Noticed Jozef
144304 | Elf:3    | Defeated Jozef
144756 | Elf:4    | Noticed Josephine
144761 | Elf:4    | Defeated Josephine
145079 | Elf:4    | Learned a level 6 spell: Deflect Missiles
145417 | Elf:4    | Reached skill level 1 in Shields
145818 | Elf:4    | HP: 1/93 [deep elf knight/magic dart (9)]
146413 | Elf:5    | Entered Level 5 of the Elven Halls
147428 | Elf:5    | Noticed a deep elf blademaster
147433 | Elf:5    | Defeated a deep elf blademaster
149111 | Elf:5    | Noticed a deep elf blademaster
149117 | Elf:5    | Defeated a deep elf blademaster
150320 | Elf:5    | Noticed a deep elf master archer
150505 | Elf:5    | Received a gift from Sif Muna
150508 | Elf:5    | Got a torn book {god gift}
150509 | Elf:5    | Identified Sif Muna's Guide on Warped Confrontation {god gift} (Sif Muna gifted it to you on level 5 of the Elven Halls)
150555 | Elf:5    | Defeated a deep elf master archer
150556 | Elf:5    | Noticed a deep elf master archer
150638 | Elf:5    | Defeated a deep elf master archer
151178 | Elf:5    | Got a conspicuous book
151206 | Elf:5    | Identified Kikubaaqudgha's Tome of Unholy Rituals (You found it on level 5 of the Elven Halls)
151419 | Elf:5    | Reached skill level 5 in Translocations
152254 | Blade    | Entered the Hall of Blades
152735 | D:22     | Learned a level 8 spell: Lehudib's Crystal Spear
154987 | Blade    | Reached skill level 10 in Translocations
155325 | Vault:4  | Reached XP level 26. HP: 94/94 MP: 43/47
155606 | Vault:8  | Entered Level 8 of the Vaults
155613 | Vault:7  | Received a gift from Sif Muna
155616 | Vault:7  | Got a conspicuous book {god gift}
155620 | Vault:7  | Identified Sif Muna's Almanac of Attacks {god gift} (Sif Muna gifted it to you on level 7 of the Vaults)
155743 | Vault:7  | Learned a level 7 spell: Controlled Blink
156548 | Vault:7  | Reached skill level 10 in Charms
156685 | Vault:7  | Noticed an orc warlord
156689 | Vault:7  | Defeated an orc warlord
157207 | Vault:8  | Noticed an iron dragon
157313 | Vault:8  | Defeated an iron dragon
157486 | Vault:8  | Noticed a deep elf demonologist
157488 | Vault:8  | Defeated a deep elf demonologist
157964 | Vault:8  | Reached skill level 10 in Conjurations
158160 | Vault:8  | Got an antique book
158161 | Vault:8  | Identified the Disquisition on Air and Conjuration (You found it on level 8 of the Vaults)
158334 | Vault:8  | Noticed a quicksilver dragon
158338 | Vault:8  | Defeated a quicksilver dragon
158490 | Vault:8  | Reached skill level 1 in Summonings
159091 | Vault:8  | Got a silver rune of Zot
159250 | Vault:8  | Received a gift from Sif Muna
159394 | Vault:8  | Got a graven book {god gift}
159397 | Vault:8  | Identified Tarops' Handbook of Ashen Transmutation {god gift} (Sif Muna gifted it to you on level 8 of the Vaults)
159563 | Vault:8  | Noticed a guardian serpent
159567 | Vault:8  | Defeated a guardian serpent
160894 | Vault:7  | Reached XP level 27. HP: 68/97 MP: 10/49
161371 | Vault:8  | Got a smoking lead ring
161372 | Vault:8  | Identified the cursed ring "Shraggora" (You found it on level 8 of the Vaults)
162505 | Vault:7  | Received a gift from Sif Muna
162508 | Vault:7  | Got a colourful book {god gift}
162509 | Vault:7  | Identified Sif Muna's Collected Works on Companions {god gift} (Sif Muna gifted it to you on level 7 of the Vaults)
163005 | Vault:8  | Noticed a deep elf high priest
163009 | Vault:8  | Defeated a deep elf high priest
164315 | Vault:8  | Got a transparent steel amulet
164331 | Vault:8  | Got a flickering sapphire amulet
164332 | Vault:8  | Identified the amulet of Ahur (You found it on level 8 of the Vaults)
164333 | Vault:8  | Identified the amulet "Cothijon" (You found it on level 8 of the Vaults)
164348 | Vault:8  | Got a crystal quarterstaff
164349 | Vault:8  | Identified the quarterstaff "Penoid" {freeze, rElec} (You found it on level 8 of the Vaults)
164462 | Vault:8  | Received a gift from Sif Muna
164469 | Vault:8  | Got an antique book {god gift}
164470 | Vault:8  | Identified Sif Muna's Tome of the Escort {god gift} (Sif Muna gifted it to you on level 8 of the Vaults)
164474 | Vault:8  | Learned a level 3 spell: Abjuration
164685 | Vault:8  | Got a flickering iron ring
164689 | Vault:8  | Got a heavily runed turquoise ring
164693 | Vault:8  | Identified the ring "Nejyi" (You found it on level 8 of the Vaults)
164695 | Vault:8  | Identified the ring "Mugoriru" (You found it on level 8 of the Vaults)
164808 | Vault:8  | Reached skill level 5 in Summonings
166628 | D:26     | Reached skill level 1 in Staves
166691 | Zot:1    | Entered Level 1 of the Realm of Zot
166953 | Zot:1    | Reached skill level 5 in Traps & Doors
168981 | Zot:1    | Received a gift from Sif Muna
168984 | Zot:1    | Got an engraved book {god gift}
168985 | Zot:1    | Identified Sif Muna's Tome of Transmutation {god gift} (Sif Muna gifted it to you on level 1 of the Realm of Zot)
172531 | Zot:3    | Reached skill level 27 in Spellcasting
173277 | Zot:2    | Received a gift from Sif Muna
173278 | Zot:2    | Got a black book {god gift}
173279 | Zot:2    | Identified Sif Muna's Book of Ashen Transmutation {god gift} (Sif Muna gifted it to you on level 2 of the Realm of Zot)
174748 | Zot:4    | Got a warped bronze ring
175654 | Zot:4    | Reached skill level 10 in Summonings
176629 | Zot:4    | Received a gift from Sif Muna
176640 | Zot:4    | Learned a level 5 spell: Shadow Creatures
176829 | Zot:5    | Entered Level 5 of the Realm of Zot
177271 | Zot:5    | Identified the ring "Lasit" (You found it on level 4 of the Realm of Zot)
177279 | Zot:5    | Noticed an ancient lich
177289 | Zot:5    | Defeated an ancient lich
177466 | Zot:5    | Noticed an ancient lich
177490 | Zot:5    | Defeated an ancient lich
177873 | Zot:5    | Noticed an ancient lich
177876 | Zot:5    | Defeated an ancient lich
178216 | Zot:5    | Noticed an ancient lich
178220 | Zot:5    | Defeated an ancient lich
178550 | Zot:5    | Noticed an orb of fire
179497 | Zot:5    | Noticed an orb of fire
179498 | Zot:5    | Gained mutation: You heal slowly.
179508 | Zot:5    | Defeated an orb of fire
179688 | Zot:5    | Pumpking: noob treina esse fighting q vc ta com mto pouco hp
179912 | Zot:5    | Gained mutation: You are frail (-10% HP).
179917 | Zot:5    | Defeated an orb of fire
180172 | Zot:2    | Received a gift from Sif Muna
180173 | Zot:2    | Got an antique book {god gift}
180174 | Zot:2    | Identified Sif Muna's Volume of Shifting Darkness {god gift} (Sif Muna gifted it to you on level 2 of the Realm of Zot)
180759 | Lair:1   | Reached skill level 15 in Dodging
180813 | Lair:2   | Lost mutation: You are frail (-10% HP).
180813 | Lair:2   | Lost mutation: You are agile (Dex +2).
180813 | Lair:2   | Lost mutation: You are agile (Dex +1).
180813 | Lair:2   | Lost mutation: You heal slowly.
182494 | Zot:5    | Noticed an orb of fire
182519 | Zot:5    | Defeated an orb of fire
183757 | Zot:5    | Noticed an orb of fire
184257 | Zot:5    | Gained mutation: You are clumsy (Dex -1).
184260 | Zot:5    | Reached skill level 1 in Invocations
184263 | Zot:5    | Defeated an orb of fire
184452 | Zot:5    | Received a gift from Sif Muna
184455 | Zot:5    | Got a colourful book {god gift}
184456 | Zot:5    | Identified Sif Muna's Disquisition on Mutagenic Evil {god gift} (Sif Muna gifted it to you on level 5 of the Realm of Zot)
185032 | Zot:5    | Noticed an orb of fire
185053 | Zot:5    | Gained mutation: You are weak (Str -1).
185507 | Zot:5    | Gained mutation: Your magical capacity is low (-10% MP).
185510 | Zot:5    | Defeated an orb of fire
185758 | Zot:5    | Got the Orb of Zot
186490 | D:15     | Reached skill level 15 in Charms
186587 | D:11     | Gained mutation: You are dopey (Int -1).
186745 | D:5      | Noticed Sestaec the pandemonium lord
186901 | D:$      | Escaped with the Orb!
